 Dungeon Crawl Stone Soup version 0.28-a0-1510-gd0f6b136d3 (webtiles) character file.

Game seed: 1728495237830507945

63 croobank the Ducker (level 3, -4/27 HPs)
             Began as a Demonspawn Gladiator on Jan 14, 2022.
             Slain by an orc (9 damage)
             ... on level 2 of the Dungeon.
             The game lasted 00:07:05 (1941 turns).

croobank the Ducker (Demonspawn Gladiator)          Turns: 1941, Time: 00:07:06

Health: -4/27      AC:  4    Str: 14    XL:     3   Next: 89%
Magic:  6/6        EV: 14    Int: 11    God:
Gold:   39         SH:  0    Dex: 14    Spells: 6/6 levels left

rFire   . . .      SeeInvis .   a - +0 rapier
rCold   . . .      Faith    .   (no shield)
rNeg    . . .      Spirit   .   b - +0 leather armour
rPois   .          Reflect  .   c - +0 helmet
rElec   .          Harm     .   (no cloak)
rCorr   .          Rampage  .   (no gloves)
Will    .....                   (no boots)
Stlth   +.........              (no amulet)
HPRegen 0.09/turn               (no ring)
MPRegen 0.10/turn               (no ring)

@: no status effects
A: repulsion field 1, demonic touch 1
a: no special abilities


You were on level 2 of the Dungeon.
You visited 1 branch of the dungeon, and saw 3 of its levels.

You collected 39 gold pieces.

Inventory:

Hand Weapons
 a - a +0 rapier (weapon)
 d - a +1 dagger of flaming
 h - a +0 whip
Missiles
 e - 56 stones (quivered)
 k - 13 sling bullets
 l - 10 arrows
 o - 2 throwing nets
Armour
 b - a +0 leather armour (worn)
 c - a +0 helmet (worn)
 p - a +0 chain mail
Scrolls
 f - a scroll of immolation {unknown}
 i - a scroll of identify {unknown}
 m - a scroll of enchant armour {unknown}
Potions
 j - 2 potions of degeneration {unknown}
 n - a potion of heal wounds {unknown}


   Skills:
 - Level 2.0 Fighting
 - Level 2.6 Short Blades
 - Level 1.7 Throwing
 - Level 2.6 Dodging
 + Level 2.2 Spellcasting
 + Level 2.1 Fire Magic


You had 6 spell levels left.
You didn't know any spells.
Your spell library contained the following spells:

 Spells                   Type           Power      Damage    Failure   Level
 Olgreb's Toxic Radiance  Pois           1%         N/A       98%         4
 Ozocubu's Refrigeration  Ice            0%         4d5       100%        7
 Ignition                 Fire           2%         3d3       100%        8


Dungeon Overview and Level Annotations

Branches:
Dungeon (3/15)

Altars:


Innate Abilities, Weirdness & Mutations

You are surrounded by a mild repulsion field. (EV +2)
Your touch may inflict minor irresistible damage on your foes.


Message History

HP restored.
There is a stone staircase leading down here.
You climb downwards.
The orc throws an atropa-tipped dart.
The atropa-tipped dart barely misses you.
There is a stone staircase leading up here.
The orc shouts!
You barely miss the orc.
The orc throws an atropa-tipped dart.
The atropa-tipped dart hits you!
You are confused.
The orc misses you. The orc misses you.
You feel less confused. The ball python misses you.
The ball python barely misses you. The ball python closely misses you.
The ball python barely misses you.
The ball python bites you but does no damage.
The ball python misses you.
Okay, then.
You hit the orc.
The orc is moderately wounded.
The orc misses you. The orc completely misses you. The ball python misses you.
The ball python closely misses you.
You hit the orc but do no damage.
You touch the orc.
You kill the orc!
The orc closely misses you. The ball python misses you.
The ball python barely misses you. The orc hits you but does no damage.
You puncture the ball python!
You kill the ball python!
The orc closely misses you.
The orc hits you with a +0 flail of holy wrath.
You convulse.
The orc barely misses you.
You hit the orc. Your touch misses the orc.
The orc is moderately wounded.
The orc hits you with a +0 flail of holy wrath.
You convulse.
The orc completely misses you.
You hit the orc. Your touch misses the orc.
The orc is heavily wounded.
The orc hits you with a +0 flail of holy wrath!
* * * LOW HITPOINT WARNING * * *
You convulse!
You die...

............###.# #....#.#
............#...####....#.#
.......................>#.#
#####.....#+#.#.#####.....#
..######...........#.........#
.......#..............#......#
.......#..............#......#
..((.......#...†...##........#
....(.#........@<............#
......#.......oo##.#####....##
......(((.<.................###
........##......#...............
#.......##...)..#...............
#.......##......#...............
#...S...##......#...............
........###'#........#.#........
........# #.................####


You could see 2 orcs.

Vanquished Creatures
  3 adders
  A worm (D:1)
  A dart slug (D:1)
  An orc (D:2)
  4 ball pythons
  4 endoplasms
  A goblin (D:1)
  3 hobgoblins (D:1)
  6 kobolds
  A quokka (D:1)
  2 bats
  3 frilled lizards
  A rat (D:2)
31 creatures vanquished.

Notes
Turn   | Place    | Note
-------+----------+-------------------------------------------
     0 | D:1      | croobank the Demonspawn Gladiator began the quest for the
                  | Orb.
     0 | D:1      | Reached XP level 1. HP: 16/16 MP: 1/1
   440 | D:1      | Reached skill level 1 in Spellcasting
   440 | D:1      | Reached skill level 1 in Fire Magic
   440 | D:1      | Gained mutation: Your touch may inflict minor irresistible
                  | damage on your foes. [demonic ancestry]
   440 | D:1      | Reached XP level 2. HP: 19/22 MP: 3/3
  1032 | D:1      | Found a faded altar of an unknown god.
  1184 | D:2      | Gained mutation: You are surrounded by a mild repulsion
                  | field. (EV +2) [demonic ancestry]
  1184 | D:2      | Reached XP level 3. HP: 17/27 MP: 5/5
  1941 | D:2      | Slain by an orc

Illustrated notes

Levels and vault maps discovered:
D:1:      giann_horns, layout_basic, shapermc_ecumenical_altar_hornbeckon,
          serial_park_tiny_2
D:2:      layout_basic, basic_altar
D:3:      layout_basic

Skill      XL: |  1  2  3 |
---------------+----------+-----
Spellcasting   | 1 2 |  2.2
Fire Magic     | 1 2 |  2.1
Fighting       | |  2.0
Short Blades   | |  2.6
Throwing       | |  1.7
Dodging        | |  2.6

Action                   || total
-------------------------++-------
Melee: Rapier            ||   101
       Touch             ||    14
       Punch             ||     2
Throw: Throwing net      ||     4
       Stone             ||    14
  Use: Potion            ||     1
Armor: Leather armour    ||    27
Dodge: Dodged            ||    82

Table legend: (Time is in decaauts)
 A = Elapsed time spent in this place.
 B = Non-inter-level travel time spent in this place.
 C = Inter-level travel time spent in this place.
 D = Time resting spent in this place.
 E = Time spent auto-exploring this place.
 F = Levels seen in this place.
 G = Mean time per level.
                   A        B        C        D        E       F      G
               +--------+--------+--------+--------+--------+-----+--------+
         Total |   1957 |   1931 |     26 |    409 |   1016 |   3 |  652.3 |
       Dungeon |   1957 |   1931 |     26 |    409 |   1016 |   3 |  652.3 |
               +--------+--------+--------+--------+--------+-----+--------+

Top non-repeatable levels by time:
     D:1: 1232 daAuts
     D:2: 671 daAuts
     D:3: 53 daAuts
